 Dungeon Crawl Stone Soup version 0.21.1-1-g345015f (webtiles) character file.

12657 inc the Spry (level 11, -1/48 HPs)
             Began as a Felid Enchanter on Feb 22, 2018.
             Was an Initiate of Gozag.
             Slain by a stone giant (41 damage)
             ... on level 1 of the Orcish Mines.
             The game lasted 01:27:17 (24726 turns).

inc the Spry (Felid Enchanter)                     Turns: 24726, Time: 01:27:18

Health: -1/48      AC:  6    Str:  4    XL:     11   Next: 65%
Magic:  17/23      EV: 34    Int: 21    God:    Gozag
Gold:   1004       SH:  0    Dex: 23    Spells: 0/25 levels left
                                        Lives:  0   Deaths: 3

rFire    . . .     SeeInvis +     - Unarmed
rCold    + . .     Gourm    .   (shield unavailable)
rNeg     . . .     Faith    .   (armour unavailable)
rPois    .         Spirit   .   (helmet unavailable)
rElec    .         Reflect  .   (cloak unavailable)
rCorr    .         Harm     .   (gloves unavailable)
MR       +....                  (boots unavailable)
Stlth    ++++......             Z - amulet of magic regeneration
HPRegen  1.16/turn              f - +3 ring of protection
MPRegen  0.43/turn              g - +6 ring of dexterity

@: blade paws (expiring), very slightly contaminated, regenerating (expiring),
quick
A: very small, no armour, no weapons or thrown items, stealth, claws 1, fangs 3,
see invisible, carnivore, speed 1, shaggy fur 3, slow metabolism 1
a: End Transformation, Potion Petition, Call Merchant, Bribe Branch, Renounce
Religion


You were on level 1 of the Orcish Mines.
You worshipped Gozag.
Gozag was most pleased with you.
You were not hungry.
You had blades for front paws.
You visited 4 branches of the dungeon, and saw 21 of its levels.
You also visited: Labyrinth, Ossuary and Volcano.

You collected 5226 gold pieces.
You spent 2214 gold pieces at shops.
You paid 2008 gold pieces to Gozag.

Inventory:

Jewellery
 f - a +3 ring of protection (left scythe-like blade)
 g - a +6 ring of dexterity (right scythe-like blade)
 h - an uncursed ring of stealth
 i - the ring "Yxiy" {+Fly rN+ MR+ Int-5 Dex+3}
   (You acquired it on level 5 of the Lair of Beasts)

   [ring of dexterity]

   It affects your intelligence (-5).
   It affects your dexterity (+3).
   It protects you from negative energy.
   It affects your resistance to hostile enchantments.
   It lets you fly.
 J - an uncursed amulet of faith
 Q - an uncursed ring of positive energy
 R - an uncursed ring of protection from fire
 U - an uncursed amulet of rage
 X - an uncursed ring of ice
 Z - an amulet of magic regeneration (around neck)
Wands
 c - a wand of digging (21)
 t - a wand of flame (72)
 H - a wand of acid (23)
 I - a wand of random effects (12)
 K - a wand of iceblast (8)
 O - a wand of paralysis (27)
 V - a wand of disintegration (14)
Scrolls
 d - 2 scrolls of magic mapping
 e - 8 scrolls of teleportation
 j - a scroll of fog
 n - 7 scrolls of remove curse
 s - 5 scrolls of amnesia
 u - 3 scrolls of immolation
 y - 3 scrolls of identify
 M - 4 scrolls of blinking {unknown}
 P - a scroll of fear {unknown}
Potions
 k - 2 potions of heal wounds
 l - a potion of curing
 m - 4 potions of flight
 o - 4 potions of brilliance
 v - a potion of ambrosia
 x - 3 potions of mutation
 z - 2 potions of haste
 A - 3 potions of berserk rage
 B - 4 potions of invisibility
 C - 6 potions of agility
 D - 3 potions of might
 E - a potion of cancellation
 L - a potion of resistance
Books
 a - a book of Maledictions

   Spells                             Type                      Level
   a - Corona                         Hexes                        1
   b - Ensorcelled Hibernation        Hexes/Ice                    2
   c - Confuse                        Hexes                        3
   d - Tukima's Dance                 Hexes                        3
   e - Dazzling Spray                 Conjuration/Hexes            3
 w - a book of Changes

   Spells                             Type                      Level
   a - Beastly Appendage              Transmutation                1
   b - Sticks to Snakes               Transmutation                2
   c - Spider Form                    Transmutation/Poison         3
   d - Ice Form                       Ice/Transmutation            4
   e - Blade Hands                    Transmutation                5
 F - a book of Minor Magic

   Spells                             Type                      Level
   a - Magic Dart                     Conjuration                  1
   b - Blink                          Translocation                2
   c - Call Imp                       Summoning                    2
   d - Slow                           Hexes                        2
   e - Conjure Flame                  Conjuration/Fire             3
   f - Mephitic Cloud                 Conjuration/Poison/Air       3
 G - a book of Battle

   Spells                             Type                      Level
   a - Infusion                       Charms                       1
   b - Shroud of Golubria             Charms/Translocation         2
   c - Song of Slaying                Charms                       2
   d - Spectral Weapon                Hexes/Charms                 3
   e - Regeneration                   Charms/Necromancy            3
 N - a Young Poisoner's Handbook

   Spells                             Type                      Level
   a - Sting                          Conjuration/Poison           1
   b - Poisonous Vapours              Poison/Air                   2
   c - Mephitic Cloud                 Conjuration/Poison/Air       3
   d - Olgreb's Toxic Radiance        Poison                       4
   e - Venom Bolt                     Conjuration/Poison           5
 S - a book of Flames

   Spells                             Type                      Level
   a - Flame Tongue                   Conjuration/Fire             1
   b - Throw Flame                    Conjuration/Fire             2
   c - Conjure Flame                  Conjuration/Fire             3
   d - Inner Flame                    Hexes/Fire                   3
   e - Sticky Flame                   Conjuration/Fire             4
   f - Fireball                       Conjuration/Fire             5
 T - the Grimoire of Supportive Snow
   (You found it in a labyrinth)

   Spells                             Type                      Level
   a - Summon Small Mammal            Summoning                    1
   b - Summon Ice Beast               Ice/Summoning                4
   c - Summon Demon                   Summoning                    5
 Y - a book of Party Tricks

   Spells                             Type                      Level
   a - Summon Butterflies             Summoning                    1
   b - Apportation                    Translocation                1
   c - Lesser Beckoning               Translocation                3
   d - Tukima's Dance                 Hexes                        3
   e - Alistair's Intoxication        Transmutation/Poison         5
   f - Invisibility                   Hexes                        6
Miscellaneous
 W - a lightning rod (4/4)
Comestibles
 b - 24 rations


   Skills:
 - Level 6.0 Fighting
 - Level 15.5 Dodging
 - Level 11.4 Stealth
 - Level 8.3 Unarmed Combat
 + Level 7.5 Spellcasting
 - Level 10.6 Hexes
 - Level 3.7 Charms
 - Level 6.0 Necromancy
 - Level 3.4 Translocations
 - Level 9.2 Transmutations
 - Level 4.0 Ice Magic
 - Level 6.4 Poison Magic


You couldn't memorise any spells.
You knew the following spells:

 Your Spells              Type           Power        Failure   Level  Hunger
a - Alistair's Intoxicat  Tmut/Pois      #####...     43%         5    #####..
b - Ensorcelled Hibernat  Hex/Ice        #####.       13%         2    None
c - Confuse               Hex            ######..     10%         3    None
d - Tukima's Dance        Hex            ######..     10%         3    None
e - Blink                 Tloc           N/A          26%         2    None
f - Shroud of Golubria    Chrm/Tloc      ###.......   24%         2    None
g - Regeneration          Chrm/Necr      ####......   26%         3    None
h - Blade Hands           Tmut           #####.....   32%         5    #####..
i - Summon Butterflies    Summ           #.......     43%         1    None


Dungeon Overview and Level Annotations

Branches:
Dungeon (12/15)            Temple (1/1) D:6            Lair (6/6) D:9
  Swamp (0/4) Lair:4        Snake (0/4) Lair:4        Slime (0/5) Lair:6
    Orc (2/2) D:11            Elf (0/3) Orc:2

Altars:
Ashenzari
Cheibriados
Dithmenos
Elyvilon
Fedhas
Gozag
Hepliaklqana
Kikubaaqudgha
Makhleb
Nemelex Xobeh
Okawaru
Qazlal
Ru
Sif Muna
Trog
Uskayaw
Wu Jian
Xom
Yredelemnul
Zin
The Shining One
Beogh
Jiyva

Shops:
D:4 (   D:8 *   D:9 }*   D:10 :   Orc:2 *=   Lair:2 :   Lair:5 :

Annotations:
D:3 1994's ghost, amateur TrMo
D:4 Ijyb
D:7 Dowan; Duvessa
Lair:4 Rupert


Innate Abilities, Weirdness & Mutations

You cannot wear armour.
You are incapable of wielding weapons or throwing items.
Your paws allow you to move quietly. (Stealth)
You have sharp claws.
You have razor-sharp teeth.
You have supernaturally acute eyesight. (SInv)
You are carnivorous and can eat meat at any time.
You cover ground quickly.
Your thick and shaggy fur keeps you warm. (AC +3, rC+)
You have a slow metabolism.
((Your sharp claws are effective at attacking unaware monsters.))


Message History

You are very lightly contaminated with residual magic.
The air around you crackles with energy!
The stone giant completely misses you.
You hit the stone giant but do no damage.
The stone giant is severely wounded.
The stone giant completely misses you.
Casting: Shroud of Golubria
Confirm with . or Enter, or press ? or * to list all spells.
Space distorts slightly along a thin shroud covering your body.
Your skin is crawling a little less now.
The stone giant misses you.
You slash the stone giant!
The stone giant is almost dead.
Your transformation is almost over.
The stone giant hits you!!
Ouch! That really hurt!
You feel much better. The stone giant hits you!!!
Ouch! That really hurt!
You die...
Your body crumbles into a pile of gold.

### ###.# ##.#### ##.... #####
#...#.## #....# ##.#.#####.#...#
###.### ..# #......##.....##
###...### ..#
#.#....##(#...###......#. ..##
##.....##(..............##
...#####....####(...............#
...#..#.#....##.@................
.........#.......C...............
..#....)#.#.......))..#.......#..
.................................
.......##)......).......).#......
.##..###.)#.......>.............#
# #####....#.#.#..............#.#
##..#......................
#...##.#..........#........


You could see a stone giant.

Vanquished Creatures
  A minotaur (Lab)
  3 hydras
  6 two-headed ogres
  2 orc high priests (Orc:2)
  Sonja (D:10)
  A fire crab (Volcano)
  An unseen horror (D:12)
  2 lindwurms
  2 orc sorcerers
  An ugly thing (D:12)
  2 elephants (Lair:6)
  A cyclops (D:11)
  8 black mambas
  A guardian serpent (Lair:4)
  Psyche (D:10)
  9 spiny frogs
  A centaur skeleton (D:12)
  2 molten gargoyles (Lair:6)
  9 komodo dragons
  3 kobold demonologists (D:11)
  2 polar bears (Lair:6)
  4 trolls
  A meliai (D:12)
  A hornet (D:9)
  15 blink frogs
  4 hippogriffs
  Eustachio (D:4)
  26 yaks
  6 wyverns
  A wraith (D:11)
  3 fire bats (Volcano)
  7 basilisks
  A fire elemental (Lair:2)
  2 steam dragons
  2 wargs (Orc:2)
  8 water moccasins
  Edmund (D:5)
  5 hell hounds
  9 porcupines
  3 ice beasts
  16 orc warriors
  5 sky beasts
  A sky beast (shapeshifter) (D:11)
  9 ogres
  A phantom (D:5)
  4 wolves (Lair:2)
  2 centaurs
  15 crocodiles
  3 big kobolds
  3 elf zombies (Ossuary)
  13 bullfrogs
  4 scorpions
  4 killer bees (D:8)
  2 wights (D:7)
  3 vampire bats (Lair:5)
  6 howler monkeys
  5 crimson imps
  3 bullfrog zombies
  A lava snake (Lair:6)
  3 hounds
  A quasit (D:5)
  9 centaur zombies
  18 orc priests
  2 jellies
  3 human zombies (Ossuary)
  20 orc wizards
  A bullfrog skeleton (D:6)
  Natasha (thrice) (D:4)
  6 iguanas
  12 worker ants
  A hound zombie (D:5)
  A hound skeleton (D:2)
  3 mummies (Ossuary)
  2 worker ant zombies
  An adder (shapeshifter) (D:11)
  6 adders
  2 shadow imps
  2 oozes (D:1)
  An adder skeleton (D:4)
  A worm (D:2)
  2 dart slugs
  5 leopard geckos
  63 orcs
  3 giant cockroaches
  3 goblins
  2 hobgoblins
  10 jackals
  10 kobolds
  4 quokkas
  3 ball pythons (D:2)
  5 bats
  3 frilled lizards
  A leopard gecko zombie (D:6)
  A quokka skeleton (D:4)
  3 rats (D:3)
475 creatures vanquished.

Vanquished Creatures (collateral kills)
  A molten gargoyle (Lair:6)
  An orc warrior (Orc:2)
  2 wights (D:7)
  An orc priest (Orc:2)
  An orc wizard (D:11)
  8 orcs
14 creatures vanquished.

Vanquished Creatures (others)
  5 dancing weapons
  An orc priest (Orc:2)
  An orc wizard (Orc:2)
  2 orcs
  3 fungi (Lair:6)
  6 plants
18 creatures vanquished.

Grand Total: 507 creatures vanquished

Notes
Turn   | Place    | Note
-------+----------+-------------------------------------------
     0 | D:1      | inc the Felid Enchanter began the quest for the Orb.
     0 | D:1      | Reached XP level 1. HP: 7/7 MP: 4/4
   176 | D:1      | Reached XP level 2. HP: 11/11 MP: 6/6
  1388 | D:2      | Learned a level 2 spell: Ensorcelled Hibernation
  1745 | D:2      | Reached XP level 3. HP: 14/14 MP: 4/7
  2397 | D:3      | Reached XP level 4. HP: 18/18 MP: 5/8
  2485 | D:3      | Noticed 1994's ghost (amateur TrMo)
  2894 | D:4      | Found Otyreg's Weapon Shop.
  2932 | D:5      | Entered Level 5 of the Dungeon
  2951 | D:5      | Reached skill level 5 in Stealth
  3115 | D:4      | Noticed Ijyb
  3299 | D:5      | Noticed an ice beast
  3327 | D:4      | Learned a level 3 spell: Confuse
  3363 | D:4      | Reached XP level 5. HP: 17/21 MP: 6/9
  3446 | D:4      | Noticed Eustachio
  3459 | D:4      | Killed Eustachio
  3459 | D:4      | Gained mutation: You are covered in thick fur. (AC +2) [Felid growth]
  3459 | D:4      | Reached XP level 6. HP: 24/24 MP: 2/10
  3538 | D:4      | Noticed Natasha
  3540 | D:4      | Killed Natasha
  3548 | D:4      | Noticed Natasha
  3554 | D:4      | Killed Natasha
  3755 | D:4      | Found a shadowy altar of Dithmenos.
  3930 | D:4      | Reached XP level 7. HP: 27/27 MP: 11/11
  3971 | D:4      | Noticed Natasha
  3977 | D:4      | Killed Natasha
  4069 | D:5      | Reached skill level 10 in Stealth
  4346 | D:5      | Noticed Edmund
  4807 | D:5      | Reached skill level 5 in Hexes
  4807 | D:5      | Reached skill level 1 in Ice Magic
  5252 | D:6      | Reached XP level 8. HP: 31/31 MP: 12/12
  5450 | D:7      | Noticed a two-headed ogre
  5854 | D:6      | HP: 1/31 [poisoned by an adder]
  6099 | D:5      | Killed Edmund
  6674 | D:6      | Found a staircase to the Ecumenical Temple.
  6733 | Temple   | Entered the Ecumenical Temple
  6877 | Temple   | Became a worshipper of Gozag Ym Sagoz the Greedy
  6940 | D:6      | Reached skill level 5 in Unarmed Combat
  7281 | D:7      | Killed a two-headed ogre
  7281 | D:7      | Reached XP level 9. HP: 20/34 MP: 2/13
  7408 | D:7      | Learned a level 3 spell: Tukima's Dance
  7817 | D:7      | Found a hazy altar of Hepliaklqana.
  7887 | D:7      | Found a deep blue altar of Sif Muna.
  7936 | D:7      | Noticed Duvessa
  7936 | D:7      | Noticed Dowan
  8080 | D:8      | Found Ocow's Assorted Antiques.
  8080 | D:8      | Noticed a two-headed ogre
  8336 | D:8      | Noticed a two-headed ogre
  8459 | D:8      | Noticed a two-headed ogre
  8564 | D:8      | Found a hide-covered altar of Uskayaw.
  8621 | D:8      | Reached skill level 5 in Spellcasting
  8743 | D:8      | Found a sand-covered staircase.
  8749 | Ossuary  | Entered an ossuary
  9043 | D:8      | Killed a two-headed ogre
  9043 | D:8      | Reached XP level 10. HP: 37/37 MP: 15/22
  9138 | D:8      | Killed a two-headed ogre
  9563 | D:9      | Found a staircase to the Lair.
  9604 | D:9      | Reached skill level 5 in Fighting
  9621 | D:9      | Found a glowing silver altar of Zin.
  9764 | D:9      | Found Nyqiukk's Gadget Shoppe.
 10056 | D:9      | Learned a level 2 spell: Blink
 10521 | D:10     | Entered Level 10 of the Dungeon
 10588 | D:10     | Noticed Psyche
 10595 | D:10     | Killed Psyche
 10621 | D:10     | Reached skill level 1 in Translocations
 10934 | D:10     | Reached skill level 3 in Dodging
 11008 | D:10     | Reached skill level 4 in Dodging
 11368 | D:10     | Found Vanorch's Book Boutique.
 11409 | D:11     | Reached skill level 5 in Dodging
 11447 | D:10     | Bought a book of Battle for 440 gold pieces
 11453 | D:10     | Learned a level 2 spell: Shroud of Golubria
 11552 | D:11     | Reached skill level 6 in Dodging
 11580 | D:11     | Noticed a cyclops
 11596 | D:11     | Killed a cyclops
 11596 | D:11     | Reached skill level 1 in Charms
 11874 | D:11     | Reached XP level 11. HP: 48/48 MP: 20/23
 12089 | D:11     | Found a staircase to the Orcish Mines.
 12324 | D:11     | Reached skill level 7 in Dodging
 12479 | D:11     | Noticed a six-headed hydra
 12717 | D:12     | Noticed a two-headed ogre
 12721 | D:12     | Killed a two-headed ogre
 12736 | D:12     | Noticed an unseen horror
 12741 | D:12     | Killed an unseen horror
 12743 | D:12     | Noticed a two-headed ogre
 12752 | D:12     | Killed a two-headed ogre
 12752 | D:12     | Reached skill level 10 in Hexes
 13273 | D:12     | Learned a level 3 spell: Regeneration
 13569 | D:12     | Reached skill level 1 in Necromancy
 13575 | D:12     | Noticed a white ugly thing
 14306 | D:12     | Killed a white ugly thing
 14306 | D:12     | Reached skill level 5 in Necromancy
 14395 | D:11     | Killed a six-headed hydra
 14689 | D:11     | Reached skill level 8 in Dodging
 15014 | D:11     | Gained mutation: Your thick and shaggy fur keeps you warm. (AC +3, rC+) [Felid growth]
 15014 | D:11     | Reached XP level 12. HP: 52/52 MP: 17/24
 15165 | Lair:1   | Entered Level 1 of the Lair of Beasts
 15178 | Lair:1   | Learned a level 5 spell: Blade Hands
 15342 | Lair:1   | Reached skill level 9 in Dodging
 15384 | Lair:1   | You fall through a shaft!
 15402 | Lair:2   | Reached skill level 10 in Dodging
 15542 | Lair:1   | Reached skill level 11 in Dodging
 15734 | Lair:1   | Reached skill level 12 in Dodging
 17069 | Lair:3   | Reached skill level 13 in Dodging
 17081 | Lair:3   | Slain by a blink frog
 17082 | Lair:3   | Reached XP level 11. HP: -3/48 MP: 7/23
 17348 | Lair:4   | Reached skill level 14 in Dodging
 17373 | Lair:4   | Found a staircase to the Swamp.
 17494 | Lair:4   | Found a staircase to the Snake Pit.
 17586 | Lair:4   | Noticed Rupert
 17646 | Lair:5   | Reached XP level 12. HP: 52/52 MP: 24/24
 17988 | Lair:5   | Reached skill level 15 in Dodging
 18233 | Lair:5   | You fall through a shaft!
 18233 | Lair:6   | Entered Level 6 of the Lair of Beasts
 18275 | Lair:6   | Found a staircase to the Slime Pits.
 18275 | Lair:6   | Found a viscous altar of Jiyva.
 18374 | Lair:6   | Reached skill level 1 in Transmutations
 18542 | Lair:6   | Found a labyrinth entrance.
 18551 | Lab      | Entered a labyrinth
 18788 | Lab      | Noticed a minotaur
 18815 | Lab      | Killed a minotaur
 18954 | Lab      | Identified the Grimoire of Supportive Snow
 19266 | Lair:6   | Reached skill level 5 in Transmutations
 19934 | Lair:6   | Noticed a fire dragon
 20706 | Lair:5   | Bought a book of Party Tricks for 750 gold pieces
 20708 | Lair:5   | Learned a level 1 spell: Summon Butterflies
 20724 | Lair:5   | Identified a scroll of acquirement
 20727 | Lair:5   | Got a fine copper ring
 20729 | Lair:5   | Identified the ring "Yxiy" {+Fly rN+ MR+ Int-5 Dex+3} (You acquired it on level 5 of the Lair of Beasts)
 21090 | Lair:5   | Learned a level 5 spell: Alistair's Intoxication
 21164 | Lair:4   | Noticed a four-headed hydra
 21173 | Lair:4   | Killed a four-headed hydra
 21173 | Lair:4   | Reached skill level 1 in Poison Magic
 21379 | Lair:4   | Reached XP level 13. HP: 35/55 MP: 14/25
 22020 | D:10     | Noticed Sonja
 22026 | D:10     | Killed Sonja
 22202 | Orc:1    | Entered Level 1 of the Orcish Mines
 22436 | Orc:1    | Reached skill level 5 in Poison Magic
 22658 | Orc:2    | Entered Level 2 of the Orcish Mines
 22661 | Orc:2    | Found a roughly hewn altar of Beogh.
 23025 | Orc:2    | Found a roughly hewn altar of Beogh.
 23082 | Orc:2    | Found a roughly hewn altar of Beogh.
 23140 | Orc:2    | Found a roughly hewn altar of Beogh.
 23198 | Orc:2    | Found a dark tunnel.
 23203 | Volcano  | Entered a volcano
 23420 | Orc:2    | Found Urauzu's Assorted Antiques.
 23628 | Orc:2    | Bought a blackened golden amulet for 150 gold pieces
 23798 | Orc:2    | Noticed an orc warlord
 23825 | Orc:2    | Hit by a large rock thrown by a cyclops
 23826 | Orc:2    | Reached XP level 12. HP: 0/52 MP: 17/24
 24289 | Orc:2    | Found a staircase to the Elven Halls.
 24296 | Orc:2    | Found a roughly hewn altar of Beogh.
 24318 | Orc:2    | Noticed a stone giant
 24324 | Orc:2    | Hit by a large rock thrown by a stone giant
 24325 | Orc:2    | Reached XP level 11. HP: -8/48 MP: 19/23
 24326 | Orc:2    | Found Lugit's Jewellery Shop.
 24329 | Orc:2    | Bought a +6 ring of dexterity for 643 gold pieces
 24329 | Orc:2    | Bought a +3 ring of protection for 231 gold pieces
 24404 | Orc:1    | Noticed a two-headed ogre
 24408 | Orc:1    | Killed a two-headed ogre
 24613 | Orc:1    | Noticed a stone giant
 24726 | Orc:1    | Slain by a stone giant

Skill      XL: |  1  2  3  4  5  6  7  8  9 10 11 12 13 |
---------------+----------------------------------------+-----
Unarmed Combat | 2 3 4 7 8 |  8.3
Stealth        | 5 7 9 10 11 | 11.4
Hexes          | 6 8 10 | 10.6
Ice Magic      | 2 4 |  4.0
Spellcasting   | 7 |  7.5
Fighting       | 6 |  6.0
Translocations | 3 |  3.4
Dodging        | 6 14 15 | 15.5
Charms         | 2 3 |  3.7
Necromancy     | 6 |  6.0
Transmutations | 9 8 |  9.2
Poison Magic   | 2 6 |  6.4

Action                   |  1- 3 |  4- 6 |  7- 9 | 10-12 | 13-15 || total
-------------------------+-------+-------+-------+-------+-------++-------
Melee: Unarmed           |    84 |    38 |   170 |   547 |   147 ||   986
       Bite              |     3 |       |    13 |    35 |     9 ||    60
       Punch             |       |     1 |     1 |    14 |     4 ||    20
 Cast: Ensorcelled Hiber |     7 |    14 |    69 |   278 |    72 ||   440
       Corona            |     2 |       |       |       |       ||     2
       Confuse           |       |     2 |    31 |    44 |     5 ||    82
       Tukima's Dance    |       |       |     9 |    12 |     8 ||    29
       Shroud of Golubri |       |       |       |    25 |    12 ||    37
       Blink             |       |       |       |     7 |       ||     7
       Regeneration      |       |       |       |    15 |     6 ||    21
       Blade Hands       |       |       |       |     5 |     4 ||     9
       Alistair's Intoxi |       |       |       |     3 |     2 ||     5
Invok: Call Merchant     |       |       |       |     3 |       ||     3
  Use: Scroll            |       |     5 |     3 |    18 |       ||    26
       Potion            |       |       |     1 |     3 |     1 ||     5
 Stab: Sleeping          |    11 |    17 |    57 |   235 |    51 ||   371
       Confused          |       |     1 |    20 |    29 |     2 ||    52
       Distracted        |       |       |     1 |     6 |     3 ||    10
  Eat: Chunk             |     8 |     6 |     5 |       |       ||    19
       Ration            |       |       |     4 |    13 |     3 ||    20
Armor: Skin              |     3 |     1 |    17 |    23 |     9 ||    53
Dodge: Dodged            |    73 |    24 |   137 |   583 |   216 ||  1033
